 Dungeon Crawl Stone Soup version 0.18-a0-224-g739e436 (webtiles) character file.

19 Eldritch the Charmwright (level 2, -1/19 HPs)
             Began as a High Elf Skald on Nov 24, 2015.
             Slain by a hobgoblin
             ... wielding a +0 club
              (3 damage)
             ... on level 2 of the Dungeon.
             The game lasted 00:02:06 (1106 turns).

Eldritch the Charmwright (High Elf Skald)           Turns: 1106, Time: 00:02:06

Health: -1/19      AC:  3    Str: 11    XL:     2   Next: 55%
Magic:  5/6        EV: 11    Int: 15    God:
Gold:   85         SH:  0    Dex: 14    Spells: 2 memorised, 3 levels left

rFire  . . .     SeeInvis .     a - +0 short sword
rCold  . . .     Clarity  .     b - +0 leather armour
rNeg   . . .     SustAt   .     (no shield)
rPois  .         Gourm    .     (no helmet)
rElec  .         Spirit   .     (no cloak)
rCorr  .         Warding  .     (no gloves)
rMut   .         Stasis   .     (no boots)
MR     .....                    (no amulet)
Stlth  +.........               (no ring)
                                (no ring)

@: singing, not resistant to hostile enchantments, very unstealthy
A: no striking features
a: Stop Singing


You were on level 2 of the Dungeon.
You were hungry.

You visited 1 branch of the dungeon, and saw 2 of its levels.

You collected 85 gold pieces.

Inventory:

Hand Weapons
 a - a +0 short sword (weapon)
Armour
 b - a +0 leather armour (worn)
Scrolls
 e - 3 scrolls of remove curse {unknown}
 f - a scroll of identify {unknown}
Potions
 g - a potion of heal wounds {unknown}
Books
 c - a book of Battle

   Spells                             Type                      Level
   a - Infusion                       Charms                       1
   b - Shroud of Golubria             Charms/Translocation         2
   c - Song of Slaying                Charms                       2
   d - Spectral Weapon                Hexes/Charms                 3
   e - Regeneration                   Charms/Necromancy            3
Comestibles
 d - 2 bread rations


   Skills:
 + Level 2.0 Fighting
 + Level 2.4 Short Blades
 + Level 1.1 Armour
 + Level 1.2 Dodging
 + Level 0.5 Stealth
 + Level 2.6 Spellcasting
 + Level 4.3 Charms


You had 3 spell levels left.
You knew the following spells:

 Your Spells              Type           Power        Failure   Level  Hunger
a - Infusion              Chrm           ##....       6%          1    #......
b - Song of Slaying       Chrm           ##......     10%         2    ###....


Dungeon Overview and Level Annotations

Branches:
Dungeon (2/15)

Altars:
Gozag
Okawaru
Ru


Message History

The quokka is heavily wounded.
The bat closely misses you. The bat barely misses you. The quokka bites you.
* * * LOW HITPOINT WARNING * * *
The hobgoblin closely misses you.
You are too injured to fight recklessly!
You are too injured to fight recklessly!
You are too injured to fight recklessly!
You are too injured to fight recklessly!
You are too injured to fight recklessly!
You closely miss the hobgoblin. The bat barely misses you.
The quokka barely misses you. The bat hits you but does no damage.
The quokka closely misses you.
You hit the quokka.
You kill the quokka!
The bat hits you but does no damage. The hobgoblin hits you with a club.
* * * LOW HITPOINT WARNING * * *
The bat hits you but does no damage.
You barely miss the hobgoblin. The bat misses you.
The hobgoblin hits you with a club.
You die...

......#!.._.......
#.....#..........
#.#............#
......_..⌠....# #.
#...........# #.#
#........_.##.# #.#
#......†....... #.#
#..#.#.gb##.#.#
###.#####.##†##@.##
##.................#
.....##..#.#######.#
#...†........# .#
.#.#.##..#.#.# $#
###......#.#.# .#
.#.#.##....#.#
#.##.##.##.#.#
.....##.##.#.#


You could see a hobgoblin and a bat.

Vanquished Creatures
  A worm (D:2)
  A giant gecko (D:1)
  A goblin (D:1)
  2 hobgoblins (D:1)
  A quokka (D:2)
  5 bats
  2 giant newts (D:1)
  4 rats
17 creatures vanquished.

Notes
Turn   | Place    | Note
--------------------------------------------------------------
     0 | D:1      | Eldritch the High Elf Skald began the quest for the Orb.
     0 | D:1      | Reached XP level 1. HP: 14/14 MP: 4/4
   153 | D:1      | Reached skill level 4 in Charms
   381 | D:1      | Reached XP level 2. HP: 13/19 MP: 6/6
   565 | D:1      | Reached skill level 1 in Armour
   714 | D:1      | Learned a level 2 spell: Song of Slaying
  1083 | D:2      | Found an opulent altar of Gozag.
  1089 | D:2      | Found an iron altar of Okawaru.
  1089 | D:2      | Found a sacrificial altar of Ru.
  1106 | D:2      | Slain by a hobgoblin

Vault maps used:
D:1:      sevenhm_arrival_forest_fort_small_5, hangedman_decor_peaks_small
D:2:      grunt_temple_overflow_open

Action                   || total
-------------------------++-------
Melee: Short sword       ||    65
 Cast: Infusion          ||     3
       Song of Slaying   ||     2
 Stab: Sleeping          ||     1
